 Dungeon Crawl Stone Soup version 0.29.1-2-gbd0b4ee654 (webtiles) character file.

Game seed: 7630401699151640468

568 Algorand the Ducker (level 7, -16/45 HPs)
             Began as a Djinni Conjurer on Nov 13, 2022.
             Demolished by an ogre
             ... wielding a +0 giant spiked club
              (18 damage)
             ... on level 5 of the Dungeon.
             The game lasted 00:14:29 (8437 turns).

Algorand the Ducker (Djinni Conjurer)               Turns: 8437, Time: 00:14:30

Health: -16/45     AC:  6    Str:  8    XL:     7   Next: 59%
Gold:   276        EV: 11    Int: 20    God:
                   SH:  0    Dex: 11

rFire   + + .      SeeInvis .   p - +1 hand axe (vamp)
rCold   x . .      Faith    .   (no shield)
rNeg    . . .      Spirit   .   A - +0 ring mail
rPois   ∞          Reflect  .   l - +1 hat
rElec   .          Harm     .   (no cloak)
rCorr   .          Rampage  .   (no gloves)
Will    .....                   (boots unavailable)
Stlth   +.........              (no amulet)
HPRegen 0.15/turn               (no ring)
MPRegen 0.00/turn               (no ring)

@: flying
A: sickness immunity, fire resistance 2, cold vulnerability 1, float, innate
caster, HP casting, extra vitality 1
a: no special abilities


You were on level 5 of the Dungeon.
You visited 1 branch of the dungeon, and saw 5 of its levels.

You collected 276 gold pieces.

Inventory:

Hand Weapons
 h - a +2 spear of freezing
 p - a +1 vampiric hand axe (weapon)
 s - a +2 short sword of freezing
 t - a +0 trident of freezing
Missiles
 j - a throwing net
Armour
 a - a +0 robe
 l - a +1 hat (worn)
 m - a +0 helmet
 x - a +0 leather armour
 A - a +0 ring mail (worn)
Magical Staves
 w - a staff of fire
Wands
 y - a wand of charming (13)
Scrolls
 c - a scroll of magic mapping {unknown}
 e - 2 scrolls of vulnerability
 f - 2 scrolls of identify {unknown}
 g - a scroll of amnesia {unknown}
 i - a scroll of torment {unknown}
 o - 2 scrolls of immolation {unknown}
 r - a scroll of fear {unknown}
 u - a scroll of teleportation {unknown}
Potions
 b - a potion of brilliance {unknown}
 d - 2 potions of curing
 k - a potion of haste {unknown}
 n - 2 potions of attraction {unknown}
 q - a potion of might {unknown}
 v - a potion of mutation {unknown}
 z - a potion of cancellation {unknown}


   Skills:
 - Level 2.1 Polearms
 + Level 4.3 Armour
 - Level 6.1 Dodging
 - Level 1.5 Stealth
 - Level 3.2 Spellcasting


You couldn't memorise any spells.
You knew the following spells:

 Your Spells              Type           Power      Damage    Failure   Level
a - Magic Dart            Conj           64%        1d6       10%         1
b - Searing Ray           Conj           32%        2d5       16%         2
c - Dazzling Flash        Conj/Hex       32%        N/A       30%         3
d - Fulminant Prism       Conj/Hex       8%         3d7       69%         4
e - Iskenderun's Mystic   Conj/Tloc      16%        2d5       69%         4
f - Freeze                Ice            64%        1d8       10%         1
g - Passwall              Tmut/Erth      13%        N/A       16%         2
h - Static Discharge      Conj/Air       16%        3-5/arc   16%         2
Your spell library was empty.

Dungeon Overview and Level Annotations

Branches:
Dungeon (5/15)
 Temple: D:4-7

Altars:
Nemelex Xobeh
Qazlal

Shops:
D:1 (

Annotations:
D:5 Edmund


Innate Abilities, Weirdness & Mutations

You are immune to sickness and miasma.
You are immune to poison.
Your flesh is very heat resistant. (rF++)
You are vulnerable to cold. (rC-)
You float through the air rather than walking.
You learn spells naturally, not from books.
Your magical power is your life essence.
You have superior vitality. (+4 MHP)


Message History

There is a stone staircase leading up here.
o - 2 scrolls labelled DECKUO TUYSAVE (gained 1)
An ogre comes into view. It is wielding a +0 giant spiked club.
The ogre shouts!
Casting: Magic Dart (safe; 10% risk of failure)
Confirm with . or Enter, or press ? or * to list all spells.
Aiming: Magic Dart (safe; 10% risk of failure)
Press: ? - help, Shift-Dir - straight line, f - ogre
Aim: an ogre, wielding a +0 giant spiked club (100% to hit)
The magic dart hits the ogre.
The ogre is moderately wounded.
Casting: Magic Dart (safe; 10% risk of failure)
Confirm with . or Enter, or press ? or * to list all spells.
You can't see any susceptible monsters within range! (Use Z to cast anyway.)
Casting: Magic Dart (safe; 10% risk of failure)
Confirm with . or Enter, or press ? or * to list all spells.
Aiming: Searing Ray (safe; 16% risk of failure)
Press: ? - help, Shift-Dir - straight line, f/p - ogre
Aim: an ogre, wielding a +0 giant spiked club (moderately wounded, 89% to hit)
The searing ray hits the ogre!
The ogre is heavily wounded. (Press . to maintain the ray.)
The searing ray hits the ogre.
The ogre is severely wounded.
The searing ray hits the ogre.
The ogre is severely wounded.
The searing ray hits the ogre.
The ogre is almost dead.
You finish channelling your searing ray.
The ogre hits you with a +0 giant spiked club!
The ogre hits you with a +0 giant spiked club!!
Ouch! That really hurt!
* * * LOW HITPOINT WARNING * * *
Casting: Searing Ray (safe; 16% risk of failure)
Confirm with . or Enter, or press ? or * to list all spells.
You don't have enough health to cast this spell.
You barely miss the ogre.
The ogre is almost dead.
The ogre hits you with a +0 giant spiked club!!
You die...

........###..#
.........#..#...##
........####.....#
.......## #....##
........# ##.####
........###.## ..
.........#..# #..#
.......O....#...##
..##@##.......#
#.###.#####..
#.##...# ##..##.#
#####.# #...#
#####


You could see an ogre.

Vanquished Creatures
  A black bear (D:4)
  An ogre (D:4)
  2 phantoms (D:4)
  A necrophage (D:4)
  An iguana (D:4)
  5 adders
  A worm (D:4)
  A dart slug (D:2)
  11 orcs (D:3)
  11 ball pythons
  4 bats
  5 endoplasms
  A giant cockroach (D:4)
  12 goblins
  9 hobgoblins
  9 jackals
  7 kobolds
  5 quokkas
  2 frilled lizards
  7 rats
96 creatures vanquished.

Vanquished Creatures (others)
  14 fungi
  3 plants (D:1)
17 creatures vanquished.

Grand Total: 113 creatures vanquished

Notes
Turn   | Place    | Note
-------+----------+-------------------------------------------
     0 | D:1      | Algorand the Djinni Conjurer began the quest for the Orb.
     0 | D:1      | Algorand set off with the following spells memorised: Magic
                  | Dart, Searing Ray, Dazzling Flash, Fulminant Prism,
                  | Iskenderun's Mystic Blast.
     0 | D:1      | Reached XP level 1. HP: 15/15 MP: 0/0
   261 | D:1      | Reached XP level 2. HP: 19/21 MP: 0/0
   335 | D:1      | Reached skill level 3 in Dodging
   406 | D:1      | Reached skill level 1 in Armour
  1115 | D:1      | Found a faded altar of an unknown god.
  1478 | D:1      | Reached XP level 3. HP: 23/25 MP: 0/0
  1478 | D:1      | Learned a level 1 spell: Freeze
  1643 | D:1      | Found Ykuwudil's Antique Weapon Boutique.
  2434 | D:2      | Reached XP level 4. HP: 27/31 MP: 0/0
  2549 | D:2      | Reached skill level 1 in Polearms
  3906 | D:3      | Found a stormy altar of Qazlal.
  4047 | D:3      | Reached XP level 5. HP: 31/35 MP: 0/0
  4047 | D:3      | Learned a level 2 spell: Passwall
  5239 | D:3      | Found a sparkling altar of Nemelex Xobeh.
  5569 | D:4      | Reached skill level 4 in Dodging
  5652 | D:4      | Reached XP level 6. HP: 12/40 MP: 0/0
  6124 | D:4      | HP: 2/40 [phantom (5)]
  6127 | D:4      | Reached skill level 5 in Dodging
  6640 | D:4      | Reached skill level 6 in Dodging
  6640 | D:4      | Reached XP level 7. HP: 20/45 MP: 0/0
  6640 | D:4      | Learned a level 2 spell: Static Discharge
  8342 | D:5      | Entered Level 5 of the Dungeon
  8342 | D:5      | Noticed Edmund
  8435 | D:5      | HP: 2/45 [ogre/+0 giant spiked club (25)]
  8437 | D:5      | Demolished by an ogre

Illustrated notes

Levels and vault maps discovered:
D:1:      eino_arrival_cavern_e, layout_loops_ring, serial_shops,
          nicolae_shop_advertising_works [nicolae_subvault_shop_adworks],
          serial_forest, infiniplex_forest_end_1, infiniplex_forest_clump_C,
          infiniplex_forest_pool, infiniplex_forest_clump_tiny,
          infiniplex_forest_end_3, infiniplex_forest_clump_double,
          shapermc_ecumenical_altar_pompeii
D:2:      layout_loops_ring, grunt_ministairs_13
D:3:      layout_basic, mainiacjoe_overflow_alcove_1,
          mainiacjoe_overflow_boulevard
D:4:      cheibrodos_greedy_goblins, layout_loops_cross,
          dreamdust_mushroom_princess, minmay_ogre_servants
D:5:      gammafunk_steamed_eel, layout_layer_cave, uniq_pikel, uniq_edmund

Skill      XL: |  1  2  3  4  5  6  7 |
---------------+----------------------+-----
Dodging        | 3 4 6 |  6.1
Armour         | 1 2 4 |  4.3
Polearms       | 1 2 |  2.1
Stealth        | |  1.5
Spellcasting   | |  3.2

Action                   |  1- 3 |  4- 6 |  7- 9 || total
-------------------------+-------+-------+-------++-------
Melee: Spear             |     9 |       |       ||     9
       Hand axe          |       |     3 |     4 ||     7
 Cast: Magic Dart        |    54 |    98 |    33 ||   185
       Searing Ray       |     1 |    13 |    13 ||    27
       Passwall          |       |     1 |     3 ||     4
       Freeze            |       |     1 |       ||     1
  Use: Scroll            |       |     1 |       ||     1
       Potion            |       |     1 |       ||     1
Armor: Robe              |     1 |     6 |     6 ||    13
       Leather armour    |       |       |     1 ||     1
Dodge: Dodged            |     6 |    19 |    21 ||    46
